 Dungeon Crawl Stone Soup version 0.30.1 (webtiles) character file.

Game seed: 7800063663085113931

6 monsoonserge the Digger (level 1, 10/10 HPs)
             Began as a Vampire Earth Elementalist on July 6, 2023.
             Was a Follower of Dithmenos.
             Quit the game on level 1 of the Dungeon.
             The game lasted 00:00:54 (175 turns).

monsoonserge the Digger (Vampire Earth Elementalist) Turns: 175, Time: 00:00:55

Health: 10/10      AC:  2    Str:  7    XL:     1   Next: 75%
Magic:  2/3        EV: 12    Int: 17    God:    Dithmenos [*.....]
Gold:   67         SH:  0    Dex: 14    Spells: 3/4 levels left

rFire   . . .        (no weapon)
rCold   + + .        (no shield)
rNeg    + + +        a - +0 robe
rPois   ∞            (no helmet)
rElec   .            (no cloak)
rCorr   .            (no gloves)
SInv    +            (no boots)
Will    .....        (no amulet)
Stlth   +++++        (no ring)
HPRegen 0.21/turn    (no ring)
MPRegen 0.08/turn

%: no passive effects
@: bloodless, wreathed by umbra
A: bloodless, fangs 3, see invisible, vampiric 1
a: Revivify, Renounce Religion


You were on level 1 of the Dungeon.
You worshipped Dithmenos.
Dithmenos was aware of your devotion.
You visited 1 branch of the dungeon, and saw 1 of its levels.

You collected 67 gold pieces.

Inventory:

Armour
 a - a +0 robe (worn)
Scrolls
 c - a scroll of vulnerability {unknown}
 d - a scroll of teleportation {unknown}
 e - 2 scrolls of identify {unknown}
 f - a scroll of noise {unknown}
Potions
 b - a potion of magic
 g - a potion of flight {unknown}


   Skills:
 + Level 2.1 Dodging
 + Level 3.1 Stealth
 + Level 2.2 Spellcasting
 + Level 1.1 Transmutations
 + Level 3.2 Earth Magic


You had 3 spell levels left.
You knew the following spells:

 Your Spells              Type           Power      Damage    Failure   Level
a - Sandblast             Erth           24%        2d8       4%          1

Your spell library contained the following spells:

 Spells                   Type           Power      Damage    Failure   Level
 Passwall                 Tmut/Erth      7%         N/A       12%         2
 Stone Arrow              Conj/Erth      14%        3d7       30%         3
 Petrify                  Tmut/Erth      9%         N/A       61%         4


Dungeon Overview and Level Annotations

Branches:
Dungeon (1/15)

Altars:
Dithmenos


Innate Abilities, Weirdness & Mutations

You do not regenerate when monsters are visible.
You are frail without blood (-20% HP).
You can heal yourself when you bite living creatures.
You are immune to poison.
You have razor-sharp teeth.
You have supernaturally acute eyesight. (SInv)
You are afflicted with vampirism.


Message History

You kill the bat!
Unknown command.
A kobold comes into view. It is wielding a +0 club.
Found a stone staircase leading down.
You see here 16 gold pieces.
You now have 53 gold pieces (gained 16).
Casting: Sandblast (safe; 5% risk of failure)
Confirm with . or Enter, or press ? or * to list all spells.
Aiming: Sandblast (safe; 5% risk of failure)
Press: ? - help, Shift-Dir - straight line, f - kobold
Aim: a kobold, wielding a +0 club and quivering stones (asleep, 100% to hit)
The blast of sand hits the kobold!
You kill the kobold!
e - 2 scrolls labelled ESCHAE BITIRR (gained 1)
There are no items here.
You open the door.
There is an open door here.
Found a faded altar of an unknown god.
Found three human skeletons.
There is a faded altar of an unknown god here.
This altar belongs to (a) Sif Muna, (b) Vehumet or (c) Dithmenos, but you can't tell which.
Press the corresponding letter to learn more about a god, or press enter to convert or escape to cancel.
Dithmenos accepts your prayer! Dithmenos welcomes you!
You are shrouded in an aura of darkness!
Magic restored.
You see here a human skeleton.
You now have 67 gold pieces (gained 14).
A goblin comes into view. It is wielding a +0 club.
You see here a fizzy purple potion.
g - a fizzy purple potion
Casting: Sandblast (safe; 5% risk of failure)
Confirm with . or Enter, or press ? or * to list all spells.
Aiming: Sandblast (safe; 5% risk of failure)
Press: ? - help, Shift-Dir - straight line, f - goblin
Aim: a goblin, wielding a +0 club (77% to hit)
The blast of sand hits the goblin!
You kill the goblin!
Dithmenos accepts your kill.
Unknown command.
Are you sure you want to abandon this character and quit the game? (Confirm with "yes".)

. . .# # #######.### #
......... #
############......#####
#..)..@................
#.#....................
#.#########.#........ #
#...#.#...... #...
#.#.........#
.#.#.##.#...#.###.#
.......#.#.......#.#
.........#+#.#...#.#
...#..#..........#.#


There were no monsters in sight!

Vanquished Creatures
  A ball python (D:1)
  2 bats (D:1)
  A goblin (D:1)
  A kobold (D:1)
5 creatures vanquished.

Notes
Turn   | Place    | Note
-------+----------+-------------------------------------------
     0 | D:1      | monsoonserge the Vampire Earth Elementalist began the quest
                  | for the Orb.
     0 | D:1      | Reached XP level 1. HP: 13/13 MP: 3/3
   127 | D:1      | Found a faded altar of an unknown god.
   135 | D:1      | Prayed at the altar of an unknown god.
   135 | D:1      | Became a worshipper of Dithmenos the Shadowed
   135 | D:1      | Reached * piety under Dithmenos
   175 | D:1      | Quit the game

Illustrated notes

Levels and vault maps discovered:
D:1:      eino_arrival_cavern_e, layout_basic,
          shapermc_ecumenical_altar_pompeii, serial_shops, shop,
          dk_noncrumbling_3, minmay_misc_feat_plants, minivault_5,
          minmay_ruptured

Action                     || total
---------------------------++-------
  Melee: Unarmed           ||     7
         Bite              ||     2
   Cast: Sandblast         ||     4
Ability: Exsanguinate      ||     1
 Armour: Robe              ||     5
  Dodge: Dodged            ||     5
